Map: Lost and Found LE

Players

cassius - Winner!

  • Race: Zerg Zerg
  • League: Platinum
  • Spawn Location: 1:00

Guile

  • Race: Protoss Protoss
  • League: Platinum
  • Spawn Location: 7:00

VOD

Have the link to the VOD?

Description

Time

  • Played on: June 9, 2018, 6:09 p.m.
  • Length: 13:32
Show
View Real Time Build Order
Export as new Build Order

cassius Zerg - Winner!

Build Orders: Hatch First 

Get SALT Encoding   

  12  0:05  Drone  
  13  0:13  Overlord  
  13  0:18  Drone  
  14  0:31  Drone x2  
  16  0:40  Drone  
  17  0:54  Hatchery  
  17  0:56  Drone  
  17  1:01  Drone  
  18  1:12  Extractor  
  18  1:15  Spawning Pool  
  18  1:18  Drone  
  17  1:31  Drone  
  17  1:32  Drone  
  19  1:46  Overlord  
  19  1:53  Drone  
  20  2:04  Queen  
  20  2:05  Queen  
  20  2:07  Drone x2  
  26  2:14  Zergling x2  
  27  2:20  Metabolic Boost  
  27  2:23  Drone  
  28  2:44  Hatchery  
  27  2:53  Drone x3  
  27  2:54  Overlord  
  27  2:55  Drone x2  
  32  3:08  Queen  
  34  3:15  Drone x2  
  34  3:16  Drone x2, Zergling x2  
  34  3:17  Zergling x2  
  40  3:25  Queen  
  42  3:32  Drone x2  
  42  3:33  Overlord x2  
  44  3:47  Spore Crawler  
  43  3:49  Spore Crawler  
  42  4:03  Overlord, Drone x8  
  42  4:04  Overlord  
  50  4:24  Drone x2  
  50  4:25  Extractor  
  50  4:28  Lair  
  51  4:34  Zergling x4  
  51  4:35  Zergling x2  
  54  4:43  Spore Crawler, Drone  
  54  4:44  Drone x7  
  61  4:46  Drone  
  62  4:57  Pneumatized Carapace  
  62  4:58  Queen  
  64  5:09  Overlord x3  
  64  5:10  Extractor  
  63  5:25  Evolution Chamber  
  63  5:27  Extractor  
  61  5:28  Drone x2  
  61  5:29  Drone  
  61  5:30  Drone x7  
  61  5:31  Overlord x2  
  71  5:40  Queen  
  73  5:46  Overlord  
  73  5:49  Drone x3  
  75  6:04  Zerg Melee Weapons Level 1  
  75  6:05  Baneling Nest  
  75  6:06  Drone x3  
  75  6:09  Hydralisk Den  
  76  6:13  Queen  
  78  6:19  Extractor  
  78  6:22  Extractor  
  78  6:24  Drone x6  
  78  6:25  Overlord x2, Drone  
  83  6:27  Zergling x12  
  89  6:39  Queen  
  89  6:46  Spine Crawler  
  88  6:48  Spine Crawler  
  88  6:49  Spine Crawler  
  88  6:52  Baneling x3  
  88  6:53  Zergling x18  
  90  7:00  Zergling x2  
  90  7:01  Zergling x8  
  89  7:16  Grooved Spines  
  89  7:18  Centrifical Hooks  
  89  7:22  Evolution Chamber  
  88  7:28  Zergling x4  
  88  7:29  Zergling x10  
  95  7:32  Hydralisk  
  95  7:36  Spore Crawler  
  96  7:38  Hydralisk  
  96  7:55  Baneling  
  96  7:56  Baneling x7  
  80  8:09  Zergling x2  
  80  8:10  Zergling x14  
  80  8:16  Hatchery  
  80  8:18  Hatchery  
  77  8:24  Queen  
  77  8:27  Muscular Augments  
  77  8:30  Zerg Missile Weapons Level 1  
  77  8:31  Zerg Melee Weapons Level 2  
  77  8:41  Zergling x12  
  80  8:53  Zergling x8  
  80  8:54  Zergling x2  
  77  9:26  Spore Crawler  
  77  9:27  Overlord, Drone x7  
  77  9:28  Overlord  
  77  9:29  Drone x3  
  77  9:31  Spore Crawler  
  85  9:32  Zergling x4  
  85  9:34  Queen  
  85  9:35  Queen  
  91  9:47  Overlord x2  
  91  9:48  Drone  
  91  9:49  Drone x4  
  96  9:58  Infestation Pit  
  95  10:04  Queen  
  97  10:18  Spore Crawler  
  96  10:28  Extractor  
  96  10:29  Zergling x28  
  96  10:30  Zergling x6  
  96  10:32  Extractor  
  111  10:37  Hydralisk x8  
  127  10:47  Zerg Ground Armor Level 1  
  123  10:55  Zergling x2  
  123  10:56  Zergling x20  
  134  11:11  Drone  
  134  11:12  Drone x5  
  134  11:14  Overlord x3  
  134  11:15  Hydralisk x3  
  146  11:19  Baneling x10  
  146  11:24  Baneling x8  
  146  11:27  Hive  
  146  11:29  Burrow  
  146  11:34  Spine Crawler  
  146  11:36  Spine Crawler  
  141  11:45  Zergling x2  
  141  11:46  Zergling x32  
  114  12:09  Queen  
  114  12:11  Drone x7  
  114  12:13  Zergling x14  
  130  12:21  Spire  
  119  12:43  Zergling x2  
  119  12:44  Zergling x30  
  124  12:49  Hatchery  
  133  12:52  Hydralisk x2  
  133  12:53  Hydralisk x8  
  144  13:08  Baneling x10, Hydralisk  
Show
View Real Time Build Order
Export as new Build Order

Guile Protoss 

Build Orders: Phoenix Opening 

Get SALT Encoding   

  12  0:00  Probe  
  13  0:12  Probe  
  14  0:18  Pylon  
  14  0:24  Probe  
  15  0:37  Probe  
  15  0:40  Gateway  
  16  0:45  Assimilator  
  16  0:49  Probe  
  17  0:55  Pylon  
  17  1:01  Probe  
  18  1:08  Pylon  
  18  1:13  Probe  
  19  1:25  Probe  
  20  1:28  Cybernetics Core  
  20  1:31  Zealot  
  22  1:41  Probe  
  23  1:53  Probe  
  24  1:57  Pylon  
  24  1:58  Zealot  
  26  2:05  Probe  
  26  2:06  Stargate  
  27  2:17  Probe  
  28  2:25  Zealot  
  28  2:29  Probe  
  31  2:52  Nexus  
  31  2:53  Probe  
  31  2:57  Assimilator  
  32  3:05  Probe  
  36  3:13  Phoenix  
  36  3:18  Probe  
  36  3:20  Zealot  
  38  3:27  Pylon  
  38  3:30  Probe  
  39  3:34  Warp Gate  
  39  3:38  Phoenix  
  41  3:47  Zealot  
  43  3:50  Gateway  
  43  3:54  Gateway  
  43  3:58  Pylon  
  43  3:59  Probe  
  44  4:11  Probe x2  
  46  4:23  Assimilator  
  46  4:25  Gateway  
  46  4:26  Assimilator  
  46  4:32  Pylon  
  46  4:33  Probe  
  46  4:34  Probe  
  48  4:45  Twilight Council, Probe  
  49  4:52  Probe  
  50  4:54  Void Ray  
  54  5:03  Probe, Forge  
  55  5:10  Probe  
  56  5:39  Zealot  
  56  5:40  Zealot x3  
  64  5:44  Void Ray  
  64  5:53  Probe x2  
  70  6:02  Charge, Protoss Ground Weapons Level 1  
  68  6:18  Zealot x3  
  70  6:19  Zealot  
  76  6:38  Void Ray  
  76  6:51  Zealot x4  
  80  6:59  Probe x2  
  78  7:11  Nexus  
  78  7:14  Pylon  
  72  7:17  Zealot x4  
  72  7:21  Void Ray  
  84  7:25  Probe x2  
  86  7:51  Probe x2  
  84  8:03  Probe x2  
  84  8:05  Zealot x4  
  82  8:12  Void Ray, Templar Archives  
  72  8:16  Dark Shrine  
  76  8:20  Protoss Ground Armor Level 1  
  76  8:24  Probe x2  
  78  8:28  Photon Cannon  
  78  8:29  Probe  
  78  8:31  Photon Cannon  
  78  8:32  Shield Battery  
  79  8:35  Shield Battery  
  79  8:38  Assimilator  
  79  8:39  Probe  
  79  8:40  Probe  
  81  8:45  Assimilator  
  79  8:55  Void Ray  
  83  9:04  Blink  
  69  9:13  Psionic Storm  
  69  9:14  Zealot x2  
  69  9:15  Zealot x2  
  77  9:17  Probe  
  77  9:18  Probe x2  
  80  9:38  Pylon  
  80  9:41  Zealot x2  
  80  9:42  Pylon  
  80  9:44  High Templar x2  
  88  9:47  Gateway  
  88  9:50  Gateway  
  88  9:52  Gateway, Void Ray  
  88  9:54  Gateway  
  88  9:56  Protoss Ground Weapons Level 2  
  88  10:01  High Templar  
  88  10:02  High Templar  
  96  10:18  High Templar  
  96  10:19  High Templar  
  100  10:24  Void Ray  
  100  10:28  Pylon  
  100  10:34  High Templar x2  
  108  10:51  Zealot  
  108  10:52  Zealot x5  
  108  10:55  Pylon  
  108  10:57  Void Ray  
  120  11:08  High Templar  
  120  11:09  High Templar  
  120  11:10  Pylon  
  128  11:22  High Templar x5  
  128  11:23  Zealot  
  137  11:45  Archon  
  137  11:46  Archon  
  97  11:59  Archon  
  89  12:04  Zealot x5  
  89  12:05  Zealot x2  
  81  12:28  Zealot  
  81  12:29  Zealot  
  79  12:30  Zealot x2  
  79  12:31  Zealot  
  79  12:36  Void Ray  
  80  12:47  Pylon  
  80  12:50  Pylon  
  84  13:04  Zealot x4  
  84  13:05  Zealot  
  94  13:16  Gateway  
  94  13:18  Gateway  
  86  13:20  Gateway  
  86  13:23  Gateway  
Tags
 
Add a new tag
Caveats
  • Supply blocks, unpowered buildings, or Contaminate may cause inaccurate times.
  • Supply counts are checked every 10 seconds.